AoeStats
← Onex119

Arabia

503981554Analyzed
1v1 RM · 28d ago on Sep 3, 2026· 56m 2s· 2 players
Game mode
Random Map
Map size
Tiny (2 player)
Population
200
Speed
Normal
Resources
Standard
Victory
Conquest
Starting age
Dark Age
Ending age
Imperial Age
RankedLock teamsTeams togetherTeam positionsShared explorationLock speedFull tech treeHidden civsTurbo modeCheats
Victory
Defeat
🇷🇴 Persians · Romania
821
+16
🇭🇷 Bulgarians · Croatia
815
-16
Karakondzulazx
4:44 Loom
5:31 Loom
12:01 Feudal Age
15:58 Fletching
16:22 Forging
21:07 Double-Bit Axe
21:55 Scale Mail Armor
28:40 Castle Age
28:07 Horse Collar
29:21 Bloodlines
30:35 Iron Casting
31:13 Chain Mail Armor
31:06 Squires
30:55 Pikeman
33:35 Fervor
33:37 Husbandry
33:45 Gold Mining
33:47 Stone Mining
34:08 Scale Barding Armor
33:51 Gambesons
35:29 Chain Barding Armor
38:11 Heavy Plow
38:32 Bow Saw
39:41 Wheelbarrow
39:38 Stirrups
40:56 Stirrups
44:00 Imperial Age
42:20 Light Cavalry
42:50 Town Watch
44:19 Hand Cart
44:30 Stirrups
45:18 Murder Holes
46:18 Siege Engineers
46:18 Bagains
47:24 Blast Furnace
46:55 Plate Mail Armor
47:02 Plate Barding Armor
46:47 Cavalier
48:25 Theocracy
48:17 Town Patrol
49:13 Conscription
50:37 Fletching
50:26 Halberdier
52:33 Ballistics
52:28 Elite Konnik
Onex119
6:23 Loom
9:47 Feudal Age
11:06 Double-Bit Axe
14:13 Forging
16:15 Horse Collar
21:43 Castle Age
22:38 Padded Archer Armor
23:59 Scale Barding Armor
26:19 Stone Mining
26:43 Bow Saw
26:52 Gold Mining
27:09 Heavy Plow
27:25 Bloodlines
27:34 Husbandry
30:16 Wheelbarrow
31:15 Chain Barding Armor
32:24 Fletching
34:36 Iron Casting
35:09 Town Watch
35:43 Hand Cart
39:01 Imperial Age
38:48 Gold Shaft Mining
39:49 Cavalier
42:15 Blast Furnace
41:54 Plate Barding Armor
42:12 Conscription
41:43 Savar
44:25 Bodkin Arrow
47:58 Chemistry
47:19 Ballistics
46:58 Murder Holes
49:03 Two-Man Saw
48:54 Masonry
48:14 Heavy Scorpion
52:56 Architecture
55:50 Hoardings
55:30 Devotion
Connection lost

Rejoining the realm…

Still unreachable

The connection could not be restored.

Session expired

The server has moved on; the page needs a fresh start.